AoeStats
← sHeoG0ratH

Black Forest

508013543Analyzed
3v3 RM · 11d ago on Sep 20, 2026· 31m 54s· 6 players
Game mode
Random Map
Map size
Normal (6 player)
Population
200
Speed
Normal
Resources
Standard
Victory
Conquest
Starting age
Dark Age
Ending age
Imperial Age
RankedLock teamsTeams togetherTeam positionsShared explorationLock speedFull tech treeHidden civsTurbo modeCheats
Victory
Defeat
🇩🇪 Koreans · Germany
1648
+9
🇩🇪 Burgundians · Germany
1450
+17
🇩🇪 Romans · Germany
1359
+21
🇩🇪 Khmer · Germany
1550
-19
🇩🇪 Sicilians · Germany
1477
-16
🇨🇱 Ethiopians · Chile
1379
-12
FunKinGGusTI
7:29 Loom
12:06 Feudal Age
15:00 Castle Age
14:43 Bloodlines
17:15 Wheelbarrow
19:02 Forging
21:17 Scale Barding Armor
22:37 Double-Bit Axe
25:26 Bow Saw
27:30 Gold Mining
28:46 Chain Barding Armor
30:54 Iron Casting
b4ron1
5:02 Loom
11:02 Feudal Age
12:39 Double-Bit Axe
12:47 Horse Collar
15:03 Arson
20:34 Castle Age
21:49 Stone Mining
22:17 Bow Saw
22:10 Heavy Plow
25:17 Squires
25:11 Fletching
27:30 Scale Mail Armor
27:41 Forging
28:31 Bodkin Arrow
28:52 Chain Mail Armor
30:19 Forging
Hennessy
0:39 Loom
11:14 Feudal Age
11:24 Man-at-Arms
21:07 Double-Bit Axe
21:39 Fletching
23:30 Wheelbarrow
27:08 Castle Age
25:59 Horse Collar
26:11 Stone Mining
28:17 Bow Saw
28:22 Bodkin Arrow
27:48 Crossbowman
28:41 Squires
29:33 Scale Mail Armor
29:44 Forging
sHeoG0ratH
10:15 Feudal Age
10:13 Loom
10:21 Man-at-Arms
10:47 Double-Bit Axe
16:50 Wheelbarrow
16:31 Horse Collar
23:13 Castle Age
21:34 Gold Mining
24:11 Bow Saw
24:06 Heavy Plow
24:58 Stone Mining
29:43 Scale Mail Armor
29:54 Forging
34:27 Imperial Age
32:20 Squires
sunSmit
6:14 Double-Bit Axe
11:36 Feudal Age
15:37 Castle Age
14:49 Horse Collar
15:00 Gold Mining
15:25 Bow Saw
16:11 Heavy Plow
22:19 Stone Mining
22:24 Gold Mining
24:25 Wheelbarrow
24:44 Fortified Wall
26:09 Hand Cart
30:30 Imperial Age
28:35 Fletching
30:09 Loom
31:14 Scale Barding Armor
31:21 Forging
31:06 Bodkin Arrow
Solix0x
5:06 Loom
11:09 Feudal Age
15:28 Castle Age
14:16 Double-Bit Axe
14:12 Horse Collar
15:24 Scale Barding Armor
17:09 Bloodlines
16:48 Town Watch
20:47 Chain Barding Armor
22:03 Forging
23:38 Gold Mining
24:27 Bow Saw
25:22 Wheelbarrow
25:28 Husbandry
29:30 Iron Casting
Connection lost

Rejoining the realm…

Still unreachable

The connection could not be restored.

Session expired

The server has moved on; the page needs a fresh start.